 Dungeon Crawl Stone Soup version 0.22-a0-799-g88f5e907b7 (webtiles) character file.

1967 Htamos the Cleaver (level 9, -22/72 HPs)
             Began as a Formicid Berserker on July 21, 2018.
             Was a Priest of Trog.
             Annihilated by Joseph
             ... wielding a +0 quarterstaff
              (24 damage)
             ... on level 7 of the Dungeon.
             The game lasted 00:11:54 (8091 turns).

Htamos the Cleaver (Formicid Berserker)             Turns: 8091, Time: 00:11:55

Health: -22/72     AC: 12    Str: 30    XL:     9   Next: 43%
Magic:  12/12      EV:  9    Int:  8    God:    Trog [***...]
Gold:   318        SH:  3    Dex: 13    Spells: 8/8 levels left

rFire    . . .     SeeInvis +   a - +1 hand axe
rCold    . . .     Gourm    .   k - -1 buckler (curse)
rNeg     + . .     Faith    .   n - +0 chain mail
rPois    .         Spirit   .   (helmet unavailable)
rElec    .         Reflect  .   o - +0 cloak
rCorr    .         Harm     .   G - +0 pair of gloves
MR       ++...                  H - +0 pair of boots
Stlth    ..........             (no amulet)
HPRegen  1.22/turn              h - +4 ring of strength
MPRegen  0.13/turn              E - ring of positive energy

@: mighty, regenerating
A: permanent stasis, dig shafts and tunnels, four strong arms, antennae 3
a: Dig, Shaft Self, Trog's Hand, Renounce Religion


You were on level 7 of the Dungeon.
You worshipped Trog.
Trog was most pleased with you.
You were hungry.

You visited 1 branch of the dungeon, and saw 7 of its levels.

You collected 318 gold pieces.

Inventory:

Hand Weapons
 a - a +1 hand axe (weapon)
 m - a +2 shortbow of freezing
 y - a +4 club
Missiles
 u - 78 arrows
Armour
 b - a +0 animal skin
 k - a cursed -1 buckler (worn)
 l - a +0 ring mail
 n - a +0 chain mail (worn)
 o - a +0 cloak (worn)
 G - a +0 pair of gloves (worn)
 H - a +0 pair of boots (worn)
Jewellery
 h - a +4 ring of strength (left hand)
 D - a cursed ring of protection from fire
 E - a ring of positive energy (right hand)
Wands
 x - a wand of flame (5)
 F - a wand of disintegration (11)
Scrolls
 e - 2 scrolls of blinking
 i - a scroll of remove curse
 s - a scroll of identify
Potions
 d - 2 potions of invisibility {unknown}
 f - a potion of curing {unknown}
 g - a potion of flight {unknown}
 j - a potion of cancellation {unknown}
 p - a potion of lignification {unknown}
 q - a potion of resistance
 B - a potion of degeneration {unknown}
Comestibles
 c - 12 rations


   Skills:
 + Level 7.3 Fighting
 * Level 9.1 Axes
 - Level 2.1 Armour
 - Level 1.7 Dodging
 - Level 2.6 Shields
 + Level 4.8 Evocations


You had 8 spell levels left.
You didn't know any spells.
Your spell library was empty.

Dungeon Overview and Level Annotations

Branches:
Dungeon (7/15)
 Temple: D:4-7

Altars:
Cheibriados
Dithmenos
Elyvilon
Fedhas
Gozag
Hepliaklqana
Nemelex Xobeh
Okawaru
Trog
Vehumet
Wu Jian

Annotations:
D:7 Joseph


Innate Abilities, Weirdness & Mutations

You cannot be hasted, slowed, berserked, paralysed or teleported.
You can dig through walls and to a lower floor.
Your four strong arms can wield two-handed weapons with a shield.
You have a pair of large antennae on your head. (SInv)


Message History

Joseph is moderately wounded.
Joseph hits you with an uncursed quarterstaff!
* * * LOW HITPOINT WARNING * * *
You hit Joseph.
Joseph is moderately wounded.
Joseph hits you with an uncursed quarterstaff!
* * * LOW HITPOINT WARNING * * *
Okay, then.
Okay, then.
As you read the scroll of fear, it crumbles to dust.
You assume a fearsome visage.
Joseph hits you but does no damage.
Evoke which item? (* to show all) (? for menu, Esc to quit)
Aiming: Disintegrate
Press: ? - help, Shift-Dir - straight line, f - Joseph
Aim: Joseph, wielding a quarterstaff and wearing a ring mail (moderately wounded, berserk, fast, unusually strong, chance to defeat MR: 69%) Joseph is blasted.
Joseph hits you with an uncursed quarterstaff.
* * * LOW HITPOINT WARNING * * *
Joseph hits you with an uncursed quarterstaff!!
You die...

.......+ ...)>#...
.......# #.........
.#+#+### #........#
##.#.# #........#
...#.# #........#
####.######........#
...#...............#
.#.###....((.......#
.# #..........@..#
.# #...........@.# #
#.............# ##
#..........$..#
.#.###.......#######
.#.#.+........
.#.#.#........
.#.#.#........
##.#.#........


You could see Joseph (berserk).

Vanquished Creatures
  A wyvern (D:5)
  A water moccasin (D:6)
  An ice beast (D:7)
  An orc warrior (D:6)
  2 sky beasts
  A phantom (D:5)
  An ogre (D:7)
  2 centaurs
  The ghost of Fandomethor the Cudgeler, an amateur GrFi (D:4)
  A bullfrog (D:6)
  A scorpion (D:7)
  3 crimson imps
  A centaur zombie (D:6)
  A centaur skeleton (D:6)
  2 orc priests (D:4)
  A hound (D:4)
  7 orc wizards
  Terence (D:3)
  3 worker ants
  Ijyb (D:3)
  2 iguanas
  A hound zombie (D:6)
  A worker ant zombie (D:6)
  5 adders
  2 oozes
  3 adder skeletons
  4 worms
  2 dart slugs (D:4)
  6 leopard geckos
  18 orcs
  4 giant cockroaches
  2 goblins (D:3)
  4 hobgoblins
  11 jackals
  3 quokkas
  8 bats
  14 frilled lizards
  8 kobolds
  6 rats
137 creatures vanquished.

Vanquished Creatures (others)
  An orc wizard (D:3)
1 creature vanquished.

Grand Total: 138 creatures vanquished

Notes
Turn   | Place    | Note
-------+----------+-------------------------------------------
     0 | D:1      | Htamos the Formicid Berserker began the quest for the Orb.
     0 | D:1      | Reached XP level 1. HP: 18/18 MP: 1/1
   717 | D:1      | Reached XP level 2. HP: 24/24 MP: 2/2
  1100 | D:2      | Reached XP level 3. HP: 30/30 MP: 3/3
  1111 | D:2      | Reached ** piety under Trog
  1306 | D:2      | Reached skill level 4 in Axes
  1567 | D:2      | Reached XP level 4. HP: 33/37 MP: 4/4
  1719 | D:2      | Found a faded altar of an unknown god.
  2331 | D:3      | Noticed Ijyb
  2403 | D:3      | Killed Ijyb
  2403 | D:3      | Reached XP level 5. HP: 19/42 MP: 5/5
  2596 | D:3      | Noticed Terence
  2612 | D:3      | Killed Terence
  2681 | D:3      | Reached skill level 5 in Axes
  2863 | D:3      | Found a shadowy altar of Dithmenos.
  2864 | D:3      | Found a radiant altar of Vehumet.
  2864 | D:3      | Found an opulent altar of Gozag.
  2865 | D:3      | Found a bloodstained altar of Trog.
  2865 | D:3      | Found an iron altar of Okawaru.
  2866 | D:3      | Found a white marble altar of Elyvilon.
  2867 | D:3      | Found a hazy altar of Hepliaklqana.
  2916 | D:3      | Reached XP level 6. HP: 39/49 MP: 6/6
  3420 | D:4      | Reached skill level 5 in Fighting
  3504 | D:4      | Found a sparkling altar of Nemelex Xobeh.
  3812 | D:4      | Reached skill level 6 in Axes
  4095 | D:4      | Reached XP level 7. HP: 42/56 MP: 7/7
  4608 | D:4      | Found a runed door.
  4608 | D:4      | Noticed Fandomethor's ghost (amateur GrFi)
  4721 | D:4      | HP: 1/56 [Fandomethor's ghost (12)]
  4723 | D:4      | Killed Fandomethor's ghost
  5070 | D:5      | Entered Level 5 of the Dungeon
  5089 | D:5      | Noticed a wyvern
  5097 | D:5      | Killed a wyvern
  5097 | D:5      | Reached skill level 1 in Evocations
  5207 | D:5      | Reached skill level 7 in Axes
  5333 | D:5      | Reached XP level 8. HP: 50/64 MP: 9/9
  5934 | D:5      | Found a snail-covered altar of Cheibriados.
  6531 | D:6      | Reached skill level 8 in Axes
  6698 | D:6      | Reached skill level 1 in Shields
  7234 | D:6      | Found a blossoming altar of Fedhas.
  7234 | D:6      | Found an ornate altar of the Wu Jian Council.
  7242 | D:6      | Reached XP level 9. HP: 67/71 MP: 10/12
  7375 | D:6      | Reached *** piety under Trog
  7803 | D:7      | Reached skill level 9 in Axes
  8070 | D:7      | Noticed Joseph
  8089 | D:7      | HP: 3/72 [Joseph/uncursed quarterstaff (13)]
  8091 | D:7      | Annihilated by Joseph

Vault maps used:
D:1:      enne_arrival_octagon_isle, serial_curves, eino_curves_03,
          eino_curves_04
D:2:      chequers_ecumenical_altar_grove, minmay_lizard_king
D:3:      grunt_temple_overflow_open, uniq_ijyb, uniq_terence
D:4:      lemuel_crystal_altar, gammafunk_ghost_grave, first_ration
D:5:      cheibrodos_worm_habitat
D:6:      gammafunk_temple_overflow_statue
D:7:      minmay_temple_entry_junction, uniq_joseph

Skill      XL: |  1  2  3  4  5  6  7  8  9 |
---------------+----------------------------+-----
Axes           | 4 5 6 7 8 9 |  9.1
Fighting       | 4 5 6 7 |  7.3
Evocations     | 2 4 |  4.8
Shields        | 1 2 |  2.6
Armour         | |  2.1
Dodging        | |  1.7

Action                   |  1- 3 |  4- 6 |  7- 9 || total
-------------------------+-------+-------+-------++-------
Melee: Hand axe          |   107 |   300 |   354 ||   761
       Club              |       |    22 |       ||    22
Invok: Trog's Hand       |       |     5 |     6 ||    11
Evoke: Wand              |       |       |     2 ||     2
  Use: Potion            |       |     2 |     6 ||     8
       Scroll            |       |       |    16 ||    16
  Eat: Chunk             |     2 |    10 |     8 ||    20
       Ration            |       |       |     2 ||     2
Armor: Animal skin       |     1 |       |       ||     1
       Ring mail         |    24 |       |       ||    24
       Chain mail        |    17 |   172 |   130 ||   319
Dodge: Dodged            |    44 |   116 |   134 ||   294
Block: Buckler           |       |       |    15 ||    15

Table legend:
 A = Spawn XP
 B = Non-spawn XP
 C = Spawn XP percentage of total XP
 D = Spawn monster count
 E = Non-spawn monster count
 F = Spawn count percentage of total count
 G = Total turns spent on level
                    A         B        C        D         E        F      G
               +---------+---------+-------+---------+---------+-------+---------
         Total |       0 |    2811 |   0.0 |       0 |     138 |   0.0 |  8091
               +---------+---------+-------+---------+---------+-------+---------
           D:1 |       0 |      12 |   0.0 |       0 |       9 |   0.0 |   842
           D:2 |       0 |      80 |   0.0 |       0 |      35 |   0.0 |  1411
           D:3 |       0 |     199 |   0.0 |       0 |      25 |   0.0 |  1196
           D:4 |       0 |     358 |   0.0 |       0 |      18 |   0.0 |  1621
           D:5 |       0 |     611 |   0.0 |       0 |      15 |   0.0 |  1014
           D:6 |       0 |    1025 |   0.0 |       0 |      28 |   0.0 |  1491
           D:7 |       0 |     526 |   0.0 |       0 |       8 |   0.0 |   516
               +---------+---------+-------+---------+---------+-------+---------
